 Dungeon Crawl Stone Soup version 0.18.1-50-g88ac8fd (webtiles) character file.

116 person74 the Skirmisher (level 4, -2/37 HPs)
             Began as a Demonspawn Abyssal Knight on Dec 29, 2016.
             Was a Priest of Lugonu.
             Slain by a gnoll
             ... wielding a +1 halberd of venom
              (5 damage)
             ... on level 3 of the Dungeon.
             The game lasted 00:21:49 (2757 turns).

person74 the Skirmisher (Demonspawn Abyssal Knight) Turns: 2757, Time: 00:21:53

Health: -2/37      AC:  9    Str: 18    XL:     4   Next: 69%
Magic:  5/5        EV: 12    Int: 13    God:    Lugonu [***...]
Gold:   161        SH:  0    Dex: 22    Spells: 0 memorised, 3 levels left

rFire  . . .     SeeInvis .     a - +1 hand axe
rCold  . . .     Gourm    .     p - +3 ring mail
rNeg   . . .     Faith    .     (no shield)
rPois  .         Spirit   .     n - +0 helmet of Sorcery {Dex+5} (curse)
rElec  .         Dismiss  .     (no cloak)
rCorr  .         Reflect  .     (no gloves)
SustAt .         Harm     .     (no boots)
MR     .....                    (no amulet)
Stlth  ++........               (no ring)
                                (no ring)

@: mighty, lethally poisoned (-2 -> -7), very slightly contaminated, hasted,
very quick, not resistant to hostile enchantments, unstealthy
A: thin skeletal structure 2, demonic guardian 1
a: Depart the Abyss, Bend Space, Banish, Renounce Religion


You were on level 3 of the Dungeon.
You worshipped Lugonu.
Lugonu was most pleased with you.
You were not hungry.

You visited 1 branch of the dungeon, and saw 3 of its levels.
You visited the Abyss 1 time.

You collected 161 gold pieces.

Inventory:

Hand Weapons
 a - a +1 hand axe (weapon)
 e - a cursed -3 scimitar
 f - the cursed +0 quarterstaff of Descent {distort, +Fly, unknown}
   (You found it on level 2 of the Abyss)

   It warps and distorts space around it.
   Unwielding it can cause banishment or high damage.
   It lets you fly.
   It has a curse placed upon it.
 l - a +0 dagger
Missiles
 q - 14 arrows
 u - 5 javelins (quivered)
Armour
 b - a +0 leather armour
 d - a +0 cloak
 n - the cursed +0 helmet of Sorcery (worn) {Dex+5}
   (You took it off Robin on level 3 of the Dungeon)

   It affects your dexterity (+5).
   It has a curse placed upon it.
 p - a +3 ring mail (worn)
 y - a +0 shield
Scrolls
 i - a scroll of magic mapping {unknown}
 k - a scroll of random uselessness {unknown}
 r - a scroll of fear {unknown}
 s - a scroll of identify
 w - a scroll of teleportation {unknown}
Potions
 g - a potion of heal wounds {unknown}
 h - a potion of mutation {unknown}
 j - 4 potions of flight {unknown}
 m - 2 potions of haste
 o - a potion of might
 x - 2 potions of lignification
Comestibles
 c - 2 bread rations
 t - a beef jerky
 v - a slice of pizza


   Skills:
 + Level 4.1 Fighting
 + Level 2.4 Axes
 + Level 2.2 Armour
 + Level 2.0 Dodging
 + Level 1.0 Stealth
 + Level 2.6 Invocations


You had 3 spell levels left.
You didn't know any spells.

Dungeon Overview and Level Annotations

Branches:
Dungeon (3/15)

Altars:
Pakellas


Innate Abilities, Weirdness & Mutations

You have a moderately thin skeletal structure (Dex +4, Stealth+).
A weak demonic guardian rushes to your aid.


Message History

It was a potion of might.
You feel very mighty all of a sudden.
Drink which item? (? for menu, Esc to quit)
It was a potion of haste.
You feel yourself speed up.
* * * LOW HITPOINT WARNING * * *
You feel sick.
You are very lightly contaminated with residual magic.
You barely miss the gnoll.
The gnoll is lightly wounded.
* * * LOW HITPOINT WARNING * * *
You feel sick. The gnoll barely misses you.
You hit the gnoll.
The gnoll is heavily wounded.
You closely miss the gnoll.
The gnoll is heavily wounded.
* * * LOW HITPOINT WARNING * * *
You feel sick.
Your crimson imp hits the gnoll but does no damage.
The gnoll hits you with a halberd of venom.
You die...

#.#.# ##
#g#.ggg....
#.####...## #g#
.## #.# #.##
#g####g..##.
#...........
###.####g5...##
.......@..#.##
###.####..#.# .
#..#.###..
#......)..
#........#
##.....##
#.#.#<# #
#.#...# #.#
#.##..##....


You could see 2 gnolls and a friendly crimson imp.

Vanquished Creatures
  Robin (D:3)
  2 gnolls (D:3)
  An adder (D:2)
  An ooze (D:2)
  An adder zombie (D:1)
  2 worms
  A dart slug (D:2)
  2 giant geckos
  A bat zombie (D:1)
  2 giant cockroaches
  16 goblins
  10 hobgoblins
  A quokka (D:2)
  A ball python (D:2)
  4 bats
  A giant newt (D:2)
  6 kobolds
  5 rats
58 creatures vanquished.

Notes
Turn   | Place    | Note
--------------------------------------------------------------
     0 | Abyss:1  | person74 the Demonspawn Abyssal Knight began the quest for the Orb.
     0 | Abyss:1  | Reached XP level 1. HP: 18/18 MP: 2/2
    41 | Abyss:2  | Noticed a four-headed hydra zombie
    41 | Abyss:2  | Noticed a necromancer
    41 | Abyss:2  | Noticed an iron dragon skeleton
    41 | Abyss:2  | Noticed a fire dragon zombie
    55 | Abyss:2  | Got a fine quarterstaff
    66 | Abyss:2  | Noticed a quicksilver dragon zombie
    66 | Abyss:2  | Noticed a titan skeleton
    71 | D:1      | Escaped the Abyss
    86 | D:1      | Reached skill level 1 in Dodging
   358 | D:1      | Gained mutation: You have a somewhat thin skeletal structure (Dex +2, Stealth). [demonic ancestry]
   358 | D:1      | Reached XP level 2. HP: 24/24 MP: 3/3
  1030 | D:2      | Gained mutation: A weak demonic guardian rushes to your aid. [demonic ancestry]
  1030 | D:2      | Reached XP level 3. HP: 19/30 MP: 4/4
  1149 | D:2      | Reached ** piety under Lugonu
  1955 | D:3      | Noticed Robin
  2023 | D:2      | Gained mutation: You have a moderately thin skeletal structure (Dex +4, Stealth+). [demonic ancestry]
  2023 | D:2      | Reached XP level 4. HP: 9/37 MP: 5/5
  2300 | D:2      | Reached skill level 4 in Fighting
  2363 | D:3      | Killed Robin
  2365 | D:3      | Got a spiked helmet
  2371 | D:3      | Identified the cursed +0 helmet of Sorcery {Dex+5} (You took it off Robin on level 3 of the Dungeon)
  2449 | D:3      | Reached *** piety under Lugonu
  2454 | D:3      | Found an oddly glowing altar of Pakellas.
  2740 | D:3      | Reached skill level 1 in Stealth
  2757 | D:3      | Slain by a gnoll

Skill      XL: |  1  2  3  4 |
---------------+-------------+-----
Dodging        | 1 2 |  2.0
Armour         | 2 |  2.2
Axes           | 2 |  2.4
Fighting       | 4 |  4.1
Stealth        | 1 |  1.0
Invocations    | |  2.6

Action                   |  1- 3 |  4- 6 || total
-------------------------+-------+-------++-------
Melee: Hand axe          |   137 |    48 ||   185
Throw: Javelin           |     1 |       ||     1
  Use: Scroll            |     3 |       ||     3
       Potion            |     1 |     2 ||     3
 Stab: Sleeping          |     1 |       ||     1
       Distracted        |       |     1 ||     1
  Eat: Chunk             |     3 |     3 ||     6
Armor: Leather armour    |    11 |       ||    11
       Ring mail         |    68 |    14 ||    82
Dodge: Dodged            |    94 |    31 ||   125
